 Dungeon Crawl Stone Soup version 0.29.0-4-gdea44cf6ec (webtiles) character file.

Game seed: 14786489136193084176

469 qw the Cleaver (level 6, 0/56 HPs)
             Began as a Minotaur Fighter on Sept 4, 2022.
             Was an Initiate of Ru.
             Constricted to death by Ijyb (4 damage)
             ... on level 4 of the Dungeon.
             The game lasted 00:01:41 (4037 turns).

qw the Cleaver (Minotaur Fighter)                   Turns: 4037, Time: 00:01:41

Health: 0/56       AC:  6    Str: 28    XL:     6   Next: 82%
Magic:  5/5        EV:  7    Int:  5    God:    Ru [......]
Gold:   225        SH:  4    Dex: 10    Spells: 5/5 levels left

rFire   . . .      SeeInvis .   Y - +0 war axe
rCold   . . .      Faith    .   c - +0 buckler
rNeg    . . .      Spirit   .   b - +0 scale mail
rPois   .          Reflect  .   (helmet restricted)
rElec   .          Harm     .   (no cloak)
rCorr   .          Rampage  .   (no gloves)
Will    .....                   (no boots)
Stlth   ..........              (no amulet)
HPRegen 0.18/turn               g - +6 ring of strength
MPRegen 0.09/turn               (no ring)

@: grasped by roots, constricted
A: horns 2, retaliatory headbutt, wild magic 1
a: Renounce Religion


You were on level 4 of the Dungeon.
You worshipped Ru.
Ru was noncommittal.
You visited 2 branches of the dungeon, and saw 5 of its levels.

You collected 225 gold pieces.


Innate Abilities, Weirdness & Mutations

You have a pair of horns on your head.
You reflexively headbutt those who attack you in melee.
Your spells are a little harder to cast, but a little more powerful.


   Skills:
 - Level 5.0 Fighting
 + Level 8.1 Axes
 - Level 3.6 Armour
 - Level 1.1 Dodging
 - Level 3.6 Shields


You had 5 spell levels left.
You didn't know any spells.
Your spell library was empty.

Inventory:

Hand Weapons
 a - a +0 flail
 Y - a +0 war axe (weapon)
Armour
 b - a +0 scale mail (worn)
 c - a +0 buckler (worn)
Jewellery
 g - a +6 ring of strength (left hand)
 h - a ring of ice
Scrolls
 f - a scroll of identify
Potions
 d - a potion of might
 e - a potion of mutation
 i - a potion of brilliance {unknown}
 j - 2 potions of resistance
 k - a potion of haste
 m - a potion of degeneration {unknown}
 q - 3 potions of curing

Dungeon Overview and Level Annotations

Branches:
Dungeon (4/15)             Temple (1/1) D:4

Altars:
Ashenzari
Cheibriados
Dithmenos
Elyvilon
Fedhas
Gozag
Hepliaklqana
Kikubaaqudgha
Makhleb
Nemelex Xobeh
Okawaru
Qazlal
Ru
Trog
Vehumet
Xom
Zin

Annotations:
D:4 Ijyb


Message History

The grasping roots release their grip on you.
You hit Ijyb.
Ijyb is moderately wounded.
Ijyb barely misses you.
You barely miss Ijyb.
Ijyb is moderately wounded.
Ijyb completely misses you.
You closely miss Ijyb. Your headbutt misses Ijyb.
Ijyb is moderately wounded.
You block Ijyb's attack.
You slash Ijyb!
Ijyb is heavily wounded.
Ijyb zaps a wand.
The roots erupt in riotous growth!
The grasping roots grab you!
Ijyb is unaffected.
The grasping roots constrict you.
You hear a shout!
You hit Ijyb but do no damage.
Ijyb is heavily wounded.
Ijyb hits you but does no damage. The grasping roots constrict you.
You hit Ijyb but do no damage. You headbutt Ijyb, but do no damage.
Ijyb is heavily wounded.
You block Ijyb's attack. The grasping roots constrict you.
The grasping roots release their grip on you.
You barely miss Ijyb.
Ijyb is heavily wounded.
Ijyb hits you with a +0 dagger.
An endoplasm comes into view.
Ijyb zaps a wand.
The roots erupt in riotous growth!
The grasping roots grab you!
Ijyb is unaffected.
The grasping roots constrict you.
The endoplasm quivers.
You hear a shout!
You barely miss Ijyb.
Ijyb is heavily wounded.
Ijyb hits you but does no damage. The grasping roots constrict you.
You closely miss Ijyb.
Ijyb is heavily wounded.
Ijyb screams, "Die!"
Ijyb hits you with a +0 dagger. The grasping roots constrict you.
You die...

#### ### ##...## ##.##
......#####...##
......##..#.$..#
......##.......#### .#
#.....#.#.###.....#.<.#
......#.#...#...@g....#
............)........##
......................#
.......................#
..............#...###...
..####........J#...# .#
.####..........##..# .
..#........##.## .##
............ .. #


You could see Ijyb and an endoplasm.

Vanquished Creatures
  Sigmund (D:3)
  Edmund (D:4)
  Jessica (D:2)
  Robin (D:3)
  2 adders
  4 gnolls
  2 worms
  An orc (D:3)
  8 ball pythons
  9 bats
  An endoplasm (D:1)
  A giant cockroach (D:2)
  24 goblins
  11 hobgoblins
  7 kobolds
  2 quokkas
  6 frilled lizards
  6 rats
88 creatures vanquished.

Notes
Turn   | Place    | Note
-------+----------+-------------------------------------------
     0 | D:1      | qw the Minotaur Fighter began the quest for the Orb.
     0 | D:1      | Reached XP level 1. HP: 19/19 MP: 0/0
     0 | D:1      | 0 ||| qw: Version: 0.1-a-103-gd6f5d3a
     0 | D:1      | 0 ||| qw: Game counter: 5442
     0 | D:1      | 0 ||| qw: Always use a shield: true
     0 | D:1      | 0 ||| qw: God list: Ru
     0 | D:1      | 0 ||| qw: Allow faded altars: false
     0 | D:1      | 0 ||| qw: Do Orc after D:15 true
     0 | D:1      | 0 ||| qw: Do second Lair branch before Depths: true
     0 | D:1      | 0 ||| qw: Lair rune preference: random
     0 | D:1      | 0 ||| qw: Plans: Normal
     0 | D:1      | 0 ||| PLANNING D:1-11
    45 | D:1      | 45 ||| Stepping ~*~*~tactically~*~*~ (stealth).
    54 | D:1      | Reached skill level 3 in Axes
    59 | D:1      | Reached XP level 2. HP: 21/26 MP: 1/1
   210 | D:1      | Reached skill level 4 in Axes
   435 | D:1      | Reached XP level 3. HP: 30/31 MP: 2/2
   945 | D:1      | 945 ||| READING scroll labelled MOT MAGRAX AXEI.
   946 | D:1      | 946 ||| READING 2 scrolls labelled YNUIXKEQETH.
   947 | D:1      | 947 ||| READING 2 scrolls labelled AZIURU QEIPIXUCVO.
   948 | D:1      | 948 ||| DRINKING 2 black potions.
   949 | D:1      | 949 ||| DROPPING scroll of fear.
   950 | D:1      | 950 ||| DROPPING potion of flight.
  1041 | D:2      | Noticed Jessica
  1044 | D:2      | Killed Jessica
  1045 | D:2      | Reached skill level 5 in Axes
  1314 | D:2      | Reached XP level 4. HP: 39/39 MP: 3/3
  1387 | D:2      | Reached skill level 1 in Dodging
  1579 | D:2      | 1579 ||| Stepping ~*~*~tactically~*~*~ (stealth).
  1585 | D:2      | 1585 ||| Stepping ~*~*~tactically~*~*~ (stealth).
  1602 | D:2      | 1602 ||| FLEEEEING.
  1603 | D:2      | 1603 ||| FLEEEEING.
  1604 | D:2      | 1604 ||| FLEEEEING.
  1605 | D:2      | 1605 ||| FLEEEEING.
  1606 | D:2      | 1606 ||| FLEEEEING.
  1607 | D:2      | 1607 ||| FLEEEEING.
  1608 | D:2      | 1608 ||| FLEEEEING.
  1609 | D:2      | 1609 ||| FLEEEEING.
  1610 | D:2      | 1610 ||| FLEEEEING.
  1611 | D:2      | 1611 ||| FLEEEEING.
  1612 | D:2      | 1612 ||| FLEEEEING.
  1613 | D:2      | 1613 ||| FLEEEEING.
  1614 | D:2      | 1614 ||| FLEEEEING.
  1615 | D:2      | 1615 ||| FLEEEEING.
  1616 | D:2      | 1616 ||| FLEEEEING.
  1617 | D:2      | 1617 ||| FLEEEEING.
  1618 | D:2      | 1618 ||| FLEEEEING.
  1619 | D:2      | 1619 ||| FLEEEEING.
  1620 | D:2      | 1620 ||| FLEEEEING.
  1621 | D:2      | 1621 ||| FLEEEEING.
  1622 | D:2      | 1622 ||| FLEEEEING.
  1623 | D:2      | 1623 ||| FLEEEEING.
  1624 | D:2      | 1624 ||| FLEEEEING.
  1625 | D:2      | 1625 ||| FLEEEEING.
  1626 | D:2      | 1626 ||| FLEEEEING.
  1627 | D:2      | 1627 ||| FLEEEEING.
  1628 | D:2      | 1628 ||| FLEEEEING.
  1629 | D:2      | 1629 ||| STAIRDANCE
  1706 | D:1      | 1706 ||| DROPPING amulet of magic regeneration.
  1707 | D:1      | 1707 ||| DROPPING amulet of faith.
  1708 | D:1      | 1708 ||| DRINKING 2 ruby potions.
  1713 | D:2      | Reached skill level 6 in Axes
  1811 | D:2      | 1811 ||| DROPPING +0 club.
  2159 | D:3      | 2159 ||| Stepping ~*~*~tactically~*~*~ (stealth).
  2164 | D:3      | Reached XP level 5. HP: 45/45 MP: 4/4
  2193 | D:3      | 2193 ||| Stepping ~*~*~tactically~*~*~ (stealth).
  2197 | D:3      | 2197 ||| Stepping ~*~*~tactically~*~*~ (stealth).
  2199 | D:3      | Noticed Robin
  2206 | D:3      | Killed Robin
  2430 | D:3      | 2430 ||| Stepping ~*~*~tactically~*~*~ (hiding).
  2487 | D:3      | 2487 ||| Stepping ~*~*~tactically~*~*~ (stealth).
  2508 | D:3      | 2508 ||| FLEEEEING.
  2852 | D:3      | Noticed Sigmund
  2864 | D:3      | 2864 ||| DRINKING potion of curing.
  2864 | D:3      | 2864 ||| (to cure confusion)
  2869 | D:3      | Killed Sigmund
  2870 | D:3      | Reached skill level 8 in Axes
  2870 | D:3      | Reached XP level 6. HP: 26/51 MP: 5/5
  3104 | D:3      | Found a faded altar of an unknown god.
  3276 | D:3      | 3276 ||| READING 2 scrolls labelled ESIROA OCRUAST.
  3277 | D:3      | 3277 ||| READING scroll labelled WUNUIL HI MIH FUPT.
  3417 | D:3      | 3417 ||| READING scroll labelled ISETOXKOI.
  3418 | D:3      | 3418 ||| READING scroll labelled FISEPO ZAKYBA.
  3519 | D:3      | 3519 ||| DRINKING 2 lumpy puce potions.
  3519 | D:3      | Gained mutation: Your spells are a little harder to cast,
                  | but a little more powerful. [potion of mutation]
  3520 | D:3      | 3520 ||| DRINKING 2 brown potions.
  3521 | D:3      | 3521 ||| READING 2 scrolls of identify.
  3521 | D:3      | 3521 ||| IDENTIFYING bubbling black potion
  3522 | D:3      | 3522 ||| DROPPING potion of magic.
  3523 | D:3      | 3523 ||| DROPPING scroll of butterflies.
  3545 | D:4      | Noticed Edmund
  3558 | D:4      | Killed Edmund
  3853 | D:4      | Found a staircase to the Ecumenical Temple.
  3854 | D:4      | 3854 ||| PLANNING TEMPLE
  3854 | D:4      | 3854 ||| UPGRADING to +6 ring of strength.
  3863 | Temple   | Entered the Ecumenical Temple
  3870 | Temple   | Became a worshipper of Ru the Awakened
  3873 | Temple   | 3873 ||| PLANNING D:1-11
  3913 | D:4      | 3913 ||| Stepping ~*~*~tactically~*~*~ (hiding).
  3915 | D:4      | 3915 ||| Stepping ~*~*~tactically~*~*~ (hiding).
  4021 | D:4      | Noticed Ijyb
  4035 | D:4      | HP: 13/56 [Ijyb/+0 dagger (2)]
  4036 | D:4      | HP: 5/56 [constriction (4)]
  4037 | D:4      | Constricted to death by Ijyb

Levels and vault maps discovered:
D:1:      nagdon_arrival_zigzag_paths, layout_loops_ring,
          minmay_misc_feat_doors, kennysheep_flooded_box, st_stairs_5
D:2:      kennysheep_the_goblin_king, layout_basic, uniq_jessica
D:3:      minmay_recursive_quarters, layout_basic,
          hellmonk_ecumenical_altar_inner_sanctum, dk_vineyard_3, uniq_sigmund,
          uniq_robin
D:4:      layout_cave_pools, mainiacjoe_overflow_swirl,
          minmay_temple_entry_waves, uniq_ijyb, uniq_edmund
Temple:   sentei_temple_godly_chess

Skill      XL: |  1  2  3  4  5  6 |
---------------+-------------------+-----
Axes           | 3 4 5 6 8 |  8.1
Dodging        | 1 |  1.1
Fighting       | 5 |  5.0
Armour         | |  3.6
Shields        | |  3.6

Action                   |  1- 3 |  4- 6 || total
-------------------------+-------+-------++-------
Melee: War axe           |    72 |   149 ||   221
       Headbutt          |     3 |    20 ||    23
  Use: Scroll            |     3 |     5 ||     8
       Potion            |     1 |     4 ||     5
Armor: Scale mail        |    33 |    41 ||    74
Dodge: Dodged            |    31 |    42 ||    73
Block: Buckler           |    17 |    22 ||    39

Table legend:
 A = Non-vault XP
 B = Vault XP
 C = Vault XP percentage of total XP
 D = Non-vault monster count
 E = Vault monster count
 F = Vault count percentage of total count
                 A         B        C        D         E       F
            +---------+---------+-------+---------+---------+-------
      Total |     163 |     508 |  75.7 |      57 |      31 |  35.2
            +---------+---------+-------+---------+---------+-------
        D:1 |      48 |       4 |   7.7 |      23 |       2 |   8.0
        D:2 |      87 |      50 |  36.5 |      24 |       8 |  25.0
        D:3 |      24 |     296 |  92.5 |       8 |      20 |  71.4
        D:4 |       4 |     158 |  97.5 |       2 |       1 |  33.3
            +---------+---------+-------+---------+---------+-------
